 Dungeon Crawl Stone Soup version 0.26-b1-32-g5d43845318 (webtiles) character file.

Game seed: 2282033532554070383

208 Anon1729 the Ruffian (level 5, -3/44 HPs)
             Began as a Naga Transmuter on Jan 5, 2021.
             Was a Follower of Ashenzari.
             Killed from afar by a white imp (6 damage)
             ... with a puff of frost
             ... on level 4 of the Dungeon.
             The game lasted 00:03:55 (4363 turns).

Anon1729 the Ruffian (Naga Transmuter)              Turns: 4363, Time: 00:03:56

Health: -3/44      AC:  5    Str: 12    XL:     5   Next: 86%
Magic:  8/8        EV: 10    Int: 15    God:    Ashenzari [*.....]
Gold:   137        SH:  0    Dex: 11    Spells: 2/8 levels left

rFire    . . .     SeeInvis +     - Unarmed
rCold    + . .     Faith    .   (no shield)
rNeg     . . .     Spirit   .   a - +0 robe
rPois    +         Reflect  .   (no helmet)
rElec    .         Harm     .   p - +2 cloak
rCorr    .         Rampage  .   (no gloves)
Will     .....                  (no barding)
Stlth    +.........             (no amulet)
HPRegen  0.14/turn              n - ring of protection from cold
MPRegen  0.11/turn              (no ring)

@: very slow
A: large, see invisible, deformed body, poison resistance, slowness 2, spit
poison 1, AC +1
a: Spit Poison, Renounce Religion, Curse Item, Scrying


You were on level 4 of the Dungeon.
You worshipped Ashenzari.
Ashenzari was aware of your devotion.
You visited 1 branch of the dungeon, and saw 4 of its levels.

You collected 197 gold pieces.
You spent 60 gold pieces at shops.

Inventory:

Missiles
 o - 5 atropa-tipped darts
Armour
 a - a +0 robe (worn)
 l - a +0 buckler
 p - a +2 cloak (worn)
Jewellery
 n - a ring of protection from cold (left hand)
Wands
 r - a wand of acid (10)
Scrolls
 b - 2 scrolls of enchant armour {unknown}
 e - 4 scrolls of teleportation {unknown}
 f - 3 scrolls of remove curse
 i - 6 scrolls of identify {unknown}
 q - a scroll of noise {unknown}
Potions
 c - a potion of curing {unknown}
 d - 2 potions of degeneration {unknown}
 g - a potion of attraction {unknown}
 h - 2 potions of haste {unknown}
 j - a potion of cancellation {unknown}
 k - 2 potions of magic {unknown}
 m - 3 potions of berserk rage {unknown}


   Skills:
 - Level 1.0 Fighting
 - Level 1.5 Dodging
 + Level 5.2 Unarmed Combat
 - Level 2.2 Spellcasting
 + Level 3.1 Transmutations
 + Level 2.7 Poison Magic


You had 2 spell levels left.
You knew the following spells:

 Your Spells              Type           Power        Failure   Level
a - Beastly Appendage     Tmut           20%          6%          1
b - Wereblood             Tmut           10%          10%         2
c - Spider Form           Tmut/Pois      5%           21%         3

Your spell library contained the following spells:

 Spells                   Type           Power        Failure   Level
 Ice Form                 Ice/Tmut       6%           75%         4
 Blade Hands              Tmut           5%           86%         5


Dungeon Overview and Level Annotations

Branches:
Dungeon (4/15)
 Temple: D:4-7

Altars:
Ashenzari
Gozag
Makhleb
Ru

Shops:
D:4 *


Innate Abilities, Weirdness & Mutations

You cannot wear boots.
Your serpentine skin is tough. (AC +1)
You have supernaturally acute eyesight. (SInv)
Armour fits poorly on your strangely shaped body.
Your system is resistant to poisons. (rPois)
You cover ground very slowly.
You can spit poison.


Message History

The adder bites you. The worker ant closely misses you.
The leopard gecko bites the plant.
The adder bites you.
You closely miss the worker ant.
The worker ant is severely wounded.
You have got your breath back.
A nearby plant withers and dies.
The worker ant bites you!
* * * LOW HITPOINT WARNING * * *
The adder bites you.
* * * LOW HITPOINT WARNING * * *
Unknown command.
The adder bites the plant.
The plant begins to die.
The worker ant bites you.
* * * LOW HITPOINT WARNING * * *
The white imp gestures at you. The puff of frost misses you.
You see here a wand of acid (10).
r - a wand of acid (10)
The worker ant bites you but does no damage.
The white imp gestures at you. The puff of frost hits you. You resist.
You die...

#.#######.###.......$.#
.. #..##........<# ##
##.##.........#
#..#......?..#
##.#.........#
#.##†#......#
#....#.l....#
###..#.BS...#
#..#@P.)..# #........##
##.####..... #.# .5....
#.# ....... .# .......
## .......


You could see a worker ant, an adder, a white imp and a leopard gecko.

Vanquished Creatures
  An orc priest (D:3)
  An orc wizard (D:4)
  Crazy Yiuf (D:3)
  4 adders
  A river rat (D:3)
  An ufetubus (D:4)
  An ooze (D:2)
  3 worms
  A dart slug (D:2)
  4 leopard geckos
  5 orcs
  4 bats
  6 giant cockroaches
  6 goblins
  5 hobgoblins
  A kobold (D:1)
  4 frilled lizards
  8 rats
57 creatures vanquished.

Vanquished Creatures (others)
  An ogre (D:4)
  A giant cockroach (D:4)
  3 plants (D:4)
  4 toadstools (D:1)
9 creatures vanquished.

Grand Total: 66 creatures vanquished

Notes
Turn   | Place    | Note
-------+----------+-------------------------------------------
     0 | D:1      | Anon1729 the Naga Transmuter began the quest for the Orb.
     0 | D:1      | Reached XP level 1. HP: 18/18 MP: 3/3
   263 | D:1      | Reached XP level 2. HP: 18/25 MP: 5/5
  1009 | D:2      | Reached XP level 3. HP: 5/31 MP: 6/6
  1281 | D:2      | Reached skill level 4 in Unarmed Combat
  1536 | D:2      | Found a burning altar of Makhleb.
  1537 | D:2      | Found a broken altar of Ashenzari.
  1537 | D:2      | Found a sacrificial altar of Ru.
  1538 | D:2      | Found an opulent altar of Gozag.
  2003 | D:2      | Reached XP level 4. HP: 31/38 MP: 7/7
  2195 | D:2      | Learned a level 2 spell: Wereblood
  2199 | D:2      | Learned a level 3 spell: Spider Form
  2278 | D:3      | Found a faded altar of an unknown god.
  2305 | D:3      | Became a worshipper of Ashenzari the Shackled
  2305 | D:3      | Reached * piety under Ashenzari
  2798 | D:3      | Reached skill level 1 in Poison Magic
  3030 | D:3      | Found a runed translucent door.
  3031 | D:3      | Noticed Crazy Yiuf
  3576 | D:3      | Killed Crazy Yiuf
  3577 | D:3      | Reached XP level 5. HP: 44/44 MP: 4/8
  3638 | D:4      | Killed an ogre
  3828 | D:3      | Reached skill level 5 in Unarmed Combat
  4335 | D:4      | Found Ryw Cies's Assorted Antiques.
  4353 | D:4      | Bought a scroll labelled LILYOJ OLUREY for 30 gold pieces
  4353 | D:4      | Bought a scroll labelled VUUNGYS HOPSE for 30 gold pieces
  4363 | D:4      | Killed from afar by a white imp

Illustrated notes

Levels and vault maps discovered:
D:1:      ldierk_water_garden, layout_rooms, roderic_serpentine_path,
          hangedman_decor_lopped
D:2:      layout_basic, chequers_temple_overflow_statue_of_worship
D:3:      layout_basic, chequers_ecumenical_altar_simple_redux,
          gup_sewer_entry_spiral, minmay_misc_feat_cross, serial_park_tiny_2,
          kennysheep_generic_room_7, uniq_crazy_yiuf_cottage
D:4:      kennysheep_big_flooded_room, layout_rooms, serial_shops,
          nicolae_shop_overgrown_old_shop, xom_confusion_cloud

Skill      XL: |  1  2  3  4  5 |
---------------+----------------+-----
Unarmed Combat | 4 5 |  5.2
Poison Magic   | 1 2 |  2.7
Transmutations | 3 |  3.1
Fighting       | |  1.0
Dodging        | |  1.5
Spellcasting   | |  2.2

Action                   |  1- 3 |  4- 6 || total
-------------------------+-------+-------++-------
Melee: Unarmed           |   124 |   152 ||   276
       Punch             |     3 |     3 ||     6
 Cast: Spider Form       |       |     2 ||     2
 Abil: Spit Poison       |     3 |     2 ||     5
 Stab: Sleeping          |     3 |       ||     3
Armor: Robe              |    28 |    32 ||    60
Dodge: Dodged            |    67 |    79 ||   146
